 Dungeon Sprint DCSS version 0.29.1-15-g9cfb28693d (webtiles) character file.

Game seed: 15108516838773840175

1 Groucho the Trooper (level 1, -2/21 HPs)
             Began as a Naga Berserker on Mar 11, 2023.
             Was a Follower of Trog.
             Slain by a scorpion (5 damage)
             ... in the Dungeon (Sprint VII: "The Pits").
             The game lasted 00:01:18 (535 turns).

Groucho the Trooper (Naga Berserker)                 Turns: 535, Time: 00:01:19

Health: -2/21      AC:  1    Str: 19    XL:     1   Next: 20%
Magic:  1/1        EV: 10    Int:  7    God:    Trog [*.....]
Gold:   0          SH:  0    Dex: 10    Spells: 0/0 levels left

rFire   . . .      SeeInvis +   i - +2 hand axe
rCold   . . .      Faith    .   (no shield)
rNeg    . . .      Spirit   .   b - +0 animal skin
rPois   +          Reflect  .   (no helmet)
rElec   .          Harm     .   (no cloak)
rCorr   .          Rampage  .   (no gloves)
Will    .....      NoTele   +   (no barding)
Stlth   +.........              (no amulet)
HPRegen 0.07/turn               (no ring)
MPRegen 0.07/turn               (no ring)

@: very slow
A: AC +0, large, see invisible, deformed body, poison resistance, slowness 2,
spit poison 1, naga tail 1
a: Spit Poison, Renounce Religion, Berserk


You were in the Dungeon.
You worshipped Trog.
Trog was aware of your devotion.
You visited 1 branch

Inventory:

Hand Weapons
 i - a +2 hand axe (weapon)
 j - a +2 mace
Missiles
 k - 10 stones
Armour
 b - a +0 animal skin (worn)
Scrolls
 h - a scroll of blinking
 l - a scroll of summoning
Potions
 a - 2 potions of invisibility
 c - a potion of curing
 d - a potion of heal wounds
 e - a potion of haste
 f - 4 potions of magic
 g - 3 potions of berserk rage


   Skills:
 + Level 3.2 Fighting
 + Level 3.1 Axes
 + Level 1.8 Armour
 + Level 1.8 Dodging


You couldn't memorise any spells.
You didn't know any spells.
Your spell library was empty.

Dungeon Overview and Level Annotations

Branches:
Dungeon (1/1)

Altars:
Ashenzari
Cheibriados
Dithmenos
Elyvilon
Fedhas
Gozag
Hepliaklqana
Kikubaaqudgha
Makhleb
Nemelex Xobeh
Okawaru
Qazlal
Ru
Sif Muna
Trog
Uskayaw
Vehumet
Wu Jian
Xom
Yredelemnul
Zin
The Shining One
Jiyva
Lugonu


Innate Abilities, Weirdness & Mutations

Your serpentine skin is tough. (AC +0)
You have supernaturally acute eyesight. (SInv)
Armour fits poorly on your strangely shaped body.
Your system is resistant to poisons. (rPois)
You cover ground very slowly.
You can spit poison.
You have a snake-like lower body.


Message History

There is an open door here.
Found fourteen altars.
There is an open door to the Temple (Safe) here.
Found three altars.
Found three altars.
There is a glowing golden altar of the Shining One here.
There is a glowing silver altar of Zin here.
There is a basalt altar of Yredelemnul here.
There is a shimmering altar of Xom here.
There is an ornate altar of the Wu Jian Council here.
There is a burning altar of Makhleb here.
There is a snail-covered altar of Cheibriados here.
There is a shadowy altar of Dithmenos here.
There is a white marble altar of Elyvilon here.
There is a blossoming altar of Fedhas here.
There is an opulent altar of Gozag here.
There is a sacrificial altar of Ru here.
There is a glowing golden altar of the Shining One here.
There is an open door to the Temple (Safe) here.
Cleave: i) +2 hand axe
Press: ? - help, Dir - move target You can't see that place.
Okay, then.
Unknown command.
You open the door.
A scorpion comes into view.
You barely miss the scorpion. The scorpion stings you!
You completely miss the scorpion. The scorpion stings you. x2
You slash the scorpion!
The scorpion is heavily wounded.
The scorpion stings you but does no damage.
You hit the scorpion.
The scorpion is heavily wounded.
The scorpion stings you!
* * * LOW HITPOINT WARNING * * *
The scorpion closely misses you.
You hit the scorpion but do no damage.
The scorpion is heavily wounded.
The scorpion stings you.
You die...

############
#_________.#
#_________.#
#_______...###########++
##########'##...........
#.?..')))'.##......#..#
##########.##..........
.......s@..'...........
+#####'#####......#..#.
#.. #........... +..
####'#####+ ###
#.......# #.......#
#.......# #...<...#
#.......#


You could see a scorpion.

Vanquished Creatures
  A quokka (D)
1 creature vanquished.

Notes
Turn   | Place    | Note
-------+----------+-------------------------------------------
     0 | D        | Groucho the Naga Berserker began the quest for the Orb.
     0 | D        | Reached XP level 1. HP: 21/21 MP: 1/1
   494 | D        | Found a bloodstained altar of Trog.
   494 | D        | Found a shimmering blue altar of Sif Muna.
   494 | D        | Found a viscous altar of Jiyva.
   494 | D        | Found a hazy altar of Hepliaklqana.
   494 | D        | Found an opulent altar of Gozag.
   503 | D        | Found a glowing golden altar of the Shining One.
   503 | D        | Found a glowing silver altar of Zin.
   503 | D        | Found a basalt altar of Yredelemnul.
   503 | D        | Found a shimmering altar of Xom.
   503 | D        | Found an ornate altar of the Wu Jian Council.
   503 | D        | Found a sacrificial altar of Ru.
   503 | D        | Found a stormy altar of Qazlal.
   503 | D        | Found an iron altar of Okawaru.
   503 | D        | Found a sparkling altar of Nemelex Xobeh.
   503 | D        | Found a burning altar of Makhleb.
   503 | D        | Found a blossoming altar of Fedhas.
   503 | D        | Found a white marble altar of Elyvilon.
   503 | D        | Found a shadowy altar of Dithmenos.
   503 | D        | Found a snail-covered altar of Cheibriados.
   505 | D        | Found a radiant altar of Vehumet.
   505 | D        | Found a corrupted altar of Lugonu.
   506 | D        | Found a hide-covered altar of Uskayaw.
   506 | D        | Found an ancient bone altar of Kikubaaqudgha.
   506 | D        | Found a broken altar of Ashenzari.
   529 | D        | Noticed a scorpion
   535 | D        | Slain by a scorpion

Illustrated notes

Levels and vault maps discovered:
D:        pitsprint [storerooms_1, entrance_room_1, metal_vault_4, armoury_2,
          mini_pit_1, grid_room_1, main_hall_1, silver_pit, the_coven_3,
          the_vestibule_1, steel_vault_2, golden_pit, hallway_of_sentries,
          crystal_vault_6, iron_vault_3, final_vault]

Action                   || total
-------------------------++-------
Melee: Hand axe          ||     9
Armor: Animal skin       ||     2
Dodge: Dodged            ||     3
